Map: Tours du crépuscule

Players

Ellesar - Winner!

  • Race: Zerg Zerg
  • League: Silver
  • Spawn Location: 7:00

zidar

  • Race: Zerg Zerg
  • League: Silver
  • Spawn Location: 1:00

VOD

Have the link to the VOD?

Description

Time

  • Played on: Nov. 22, 2015, 10:37 a.m.
  • Length: 4:48
Show
View Real Time Build Order
Export as new Build Order

Ellesar Zerg - Winner!

Build Orders: Pool First 

Get SALT Encoding   

  12  0:01  Drone  
  13  0:08  Drone  
  14  0:17  Overlord  
  14  0:35  Spawning Pool  
  14  0:37  Drone  
  14  0:42  Drone  
  15  0:45  Drone  
  16  0:50  Extractor  
  16  0:51  Drone  
  16  0:59  Drone  
  17  1:14  Drone  
  18  1:23  Zergling x2  
  19  1:29  Hatchery  
  18  1:33  Zergling x2  
  19  1:42  Zergling x2  
  20  1:55  Metabolic Boost  
  20  1:58  Zergling x2  
  21  2:07  Zergling x2  
  22  2:13  Overlord  
  22  2:30  Hatchery  
  21  2:51  Drone  
  20  3:12  Drone x2  
  22  3:14  Drone x3  
  24  3:32  Drone x2  
  24  3:33  Drone  
  25  3:46  Zergling x2  
  25  3:48  Overlord  
  26  3:49  Drone  
  27  3:57  Zergling x2  
  27  3:59  Zergling x6  
  27  4:02  Zergling x2  
  32  4:04  Zergling x2  
  33  4:16  Zergling x2  
  34  4:17  Zergling x2  
  34  4:19  Zergling x2  
  36  4:25  Zergling x2  
  36  4:26  Zergling x2  
  36  4:27  Zergling x2  
  36  4:29  Spine Crawler  
Show
View Real Time Build Order
Export as new Build Order

zidar Zerg 

Build Orders: Hatch First 

Get SALT Encoding   

  12  0:01  Drone  
  13  0:12  Overlord  
  13  0:18  Drone  
  14  0:30  Drone x2  
  16  0:45  Drone  
  17  1:00  Hatchery, Drone  
  17  1:29  Spawning Pool  
  17  1:30  Drone  
  17  1:31  Drone  
  18  1:35  Extractor, Drone  
  17  1:59  Drone  
  17  2:00  Drone  
  19  2:03  Overlord  
  19  2:28  Roach Warren  
  18  2:32  Zergling x4  
  18  2:48  Zergling x2  
  18  2:49  Zergling x10  
  17  3:16  Zergling x2  
  17  3:17  Zergling x6  
  19  3:52  Queen  
  21  4:01  Drone x3  
  24  4:07  Drone  
Tags
 
Add a new tag
Caveats
  • Supply blocks, unpowered buildings, or Contaminate may cause inaccurate times.
  • Supply counts are checked every 10 seconds.